 Dungeon Crawl Stone Soup version 0.19-a0-994-g3c636f0 (webtiles) character file.

52 tyvek the Covered (level 3, 15/34 HPs)
             Began as a Deep Dwarf Fighter on July 15, 2016.
             Quit the game on level 2 of the Dungeon.
             The game lasted 00:02:17 (831 turns).

tyvek the Covered (Deep Dwarf Fighter)               Turns: 831, Time: 00:02:18

Health: 15/34      AC:  7    Str: 20    XL:     3   Next: 60%
Magic:  3/3        EV:  7    Int:  8    God:
Gold:   31         SH:  9    Dex: 12    Spells: 0 memorised, 2 levels left

rFire  . . .     SeeInvis .     a - +0 war axe
rCold  . . .     Gourm    .     b - +0 scale mail
rNeg   . . .     Faith    .     c - +0 shield
rPois  .         Spirit   .     (no helmet)
rElec  .         Dismiss  .     (no cloak)
rCorr  .         Reflect  .     (no gloves)
SustAt .         Harm     .     (no boots)
MR     .....                    (no amulet)
Stlth  ..........               (no ring)
                                (no ring)

@: non-regenerating, not resistant to hostile enchantments, extremely unstealthy
A: damage resistance, recharge devices, sense surroundings 1, slow regeneration
3
a: Device Recharging


You were on level 2 of the Dungeon.
You were not hungry.

You visited 1 branch of the dungeon, and saw 2 of its levels.

You collected 31 gold pieces.

Inventory:

Hand Weapons
 a - a +0 war axe (weapon)
Armour
 b - a +0 scale mail (worn)
 c - a +0 shield (worn)
Jewellery
 l - a +4 ring of strength {unknown}
   (You found it on level 2 of the Dungeon)
Wands
 e - a wand of heal wounds (5/9)
 n - a wand of acid (7/15)
   (You found it on level 2 of the Dungeon)
Scrolls
 g - 2 scrolls of remove curse {unknown}
 j - a scroll of blinking {unknown}
 m - 2 scrolls of amnesia
 q - a scroll of fog {unknown}
 r - a scroll of enchant armour {unknown}
Potions
 d - 2 potions of might
 h - a potion of invisibility
 i - a potion of agility
Comestibles
 f - 2 bread rations {@e1}
 k - a slice of pizza
 t - 2 chunks of flesh {@w0}


   Skills:
 + Level 3.1 Fighting
 * Level 3.1 Axes
 + Level 3.7 Armour
 + Level 3.7 Shields


You had 2 spell levels left.
You didn't know any spells.

Dungeon Overview and Level Annotations

Branches:
Dungeon (2/15)

Altars:


Innate Abilities, Weirdness & Mutations

You are resistant to damage.
You can recharge devices by infusing magical energy.
You passively map a small area around you.
You do not regenerate naturally.


Message History

The rat barely misses you.
A rat is nearby!
You slash the rat!
You kill the rat!
No target in view!
n - a wand of acid No target in view!
A kobold comes into view. It is wielding a whip.
The kobold shouts!
A kobold is nearby!
The kobold barely misses you.
A kobold is nearby!
You hit the kobold. The kobold barely misses you.
The kobold hits you but does no damage.
A kobold is nearby!
You completely miss the kobold. You block the kobold's attack.
A kobold is nearby!
You closely miss the kobold. The kobold hits you with a whip.
The kobold hits you but does no damage.
A dart slug comes into view.
There are monsters nearby!
You barely miss the kobold. The kobold barely misses you.
You miss the kobold. The kobold hits you but does no damage.
You block the kobold's attack.
There are monsters nearby!
You hit the kobold.
You kill the kobold!
You hit the dart slug. The dart slug bites you.
A dart slug is nearby!
You hit the dart slug.
The dart slug bites you but does no damage.
A dart slug is nearby!
You hit the dart slug.
You kill the dart slug!
Your Fighting skill increases to level 3!
No target in view!
Unknown command.
No target in view!
No target in view!
No target in view!
You see here a dart slug corpse.
You butcher the dart slug corpse.
t - 7 chunks of flesh {@w0} (gained 2) Some of the chunks of flesh in your inventory have rotted away.
A bat comes into view.
A bat is nearby!
You slash the bat!
You kill the bat!
You see here a bat corpse.
You see here 11 arrows.
An adder comes into view.
The adder hisses angrily.
You block the adder's attack. The adder barely misses you.
An adder is nearby!
You barely miss the adder. The adder bites you but does no damage.
An adder is nearby!
You slash the adder!
You kill the adder!
You see here an adder corpse.
Natasha, Servant of Life and Death comes into view.
Natasha hisses angrily.
Natasha wildly gestures.
Natasha's fingertips start to glow.
Natasha casts a spell at you. The magic dart hits you!
You take 4 damage, and have 19/28 hp.
You hit Natasha. You block Natasha's attack. Natasha casts a spell at you.
The magic dart hits you!
You take 3 damage, and have 16/28 hp.
You are too injured to fight recklessly!
You are too injured to fight recklessly!
You are too injured to fight recklessly!
You are too injured to fight recklessly!
Unknown command.
You are too injured to fight recklessly!
You closely miss Natasha. You block Natasha's attack.
You slash Natasha! Natasha claws you. x2
You barely miss Natasha. Natasha claws you but does no damage.
You closely miss Natasha. Natasha barely misses you.
Natasha casts a spell at you. You resist with some effort.
You miss Natasha. You block Natasha's attack.
You closely miss Natasha.
Natasha growls.
Natasha casts a spell.
Natasha claws you.
You take 4 damage, and have 12/28 hp.
You slash Natasha!
You kill Natasha!
You hear a faint echoing roar filled with hate and sorrow!
The white imp disappears in a puff of smoke!
Your Axes skill increases to level 3!
You have reached level 3!
Your experience leads to an increase in your attributes!
Increase (S)trength, (I)ntelligence, or (D)exterity?
You feel stronger.
You regained 3 hp, and now have 15/34 hp.
MP restored: 3
Okay, then.

......# # *
#####.#####)# ,
#####.......##### *
................##
#####..#####*#...# #
# #..# ###...###.#.#
#..#####.....§§....#
#..................#
###.#####....@.(...#
#.....####..(.###.##
#......(##....# ,
#...#.#..†...##
#...#.#....###
#.###.###..# #. ...
#..# , #. ### #..#
≈≈≈≈≈≈..#


There were no monsters in sight!

Vanquished Creatures
  Natasha (D:2)
  An adder (D:2)
  A dart slug (D:2)
  2 giant geckos (D:1)
  A goblin (D:2)
  2 hobgoblins
  2 jackals (D:1)
  A kobold (D:2)
  2 bats (D:2)
  A giant newt (D:1)
  2 rats
16 creatures vanquished.

Notes
Turn   | Place    | Note
-------+----------+-------------------------------------------
     0 | D:1      | tyvek the Deep Dwarf Fighter began the quest for the Orb.
     0 | D:1      | Reached XP level 1. HP: 20/20 MP: 1/1
   545 | D:1      | Reached XP level 2. HP: 22/27 MP: 2/2
   738 | D:2      | Reached skill level 3 in Fighting
   819 | D:2      | Noticed Natasha
   830 | D:2      | Killed Natasha
   830 | D:2      | Reached skill level 3 in Axes
   830 | D:2      | Reached XP level 3. HP: 15/34 MP: 3/3
   831 | D:2      | Quit the game

Vault maps used:
D:1:      kennysheep_arrival_forest, minivault_11
D:2:      grunt_decor_cap, uniq_natasha

Skill      XL: |  1  2 |
---------------+-------+-----
Fighting       | 3 |  3.1
Axes           | 3 |  3.1
Armour         | |  3.7
Shields        | |  3.7

Action                   || total
-------------------------++-------
Melee: War axe           ||    50
  Use: Scroll            ||     3
Armor: Scale mail        ||    19
Dodge: Dodged            ||    16
Block: Shield            ||    20

Vault maps used:
D:1:      kennysheep_arrival_forest, minivault_11
D:2:      grunt_decor_cap, uniq_natasha

Table legend:
 A = Turns spent in this place as a percentage of turns spent in the entire game.
 B = Non-inter-level travel turns spent in this place as a percentage of non-inter-level travel turns spent in the entire game.
 C = Inter-level travel turns spent in this place as a percentage of turns spent in this place.
 D = Turns resting spent in this place as a percentage of non-inter-level travel turns spent in this place.
 E = Turns spent auto-exploring this place as a percentage of non-inter-level travel turns spent in this place.
 F = Non-inter-level travel turns spent in this place divided by the number of levels of this place that you've seen.
                   A       B       C       D       E      F
               +-------+-------+-------+-------+-------+----------------------
         Total | 100.0 | 100.0 |   0.4 |   0.0 |  17.7 | 115.5
       Dungeon | 100.0 | 100.0 |   0.4 |   0.0 |  17.7 | 115.5
               +-------+-------+-------+-------+-------+----------------------

Table legend:
 A = Kills in this place as a percentage of kills in entire the game.
 B = Kills by you in this place as a percentage of kills by you in the entire game.
 C = Kills by friends in this place as a percentage of kills by friends in the entire game.
 D = Other kills in this place as a percentage of other kills in the entire game.
 E = Experience gained in this place as a percentage of experience gained in the entire game.
 F = Experience gained in this place divided by the number of levels of this place that you have seen.
                   A       B       C       D       E      F
               +-------+-------+-------+-------+-------+----------------------
         Total | 100.0 | 100.0 |  -nan |  -nan | 100.0 |  37.5
       Dungeon | 100.0 | 100.0 |  -nan |  -nan | 100.0 |  37.5
               +-------+-------+-------+-------+-------+----------------------
